 Seeded DCSS version 0.27.1-35-g4d5d836560 (console) character file.

Game seed: 15609915381449825142 (custom seed)

4 grimtooth the Stinger (level 1, 0/15 HPs)
             Began as a Naga Venom Mage on Sept 30, 2022.
             Slain by a quokka (5 damage)
             ... on level 1 of the Dungeon.
             The game lasted 00:02:35 (297 turns).

grimtooth the Stinger (Naga Venom Mage)              Turns: 297, Time: 00:02:36

Health: 0/15       AC:  1    Str: 10    XL:     1   Next: 70%
Magic:  0/3        EV:  9    Int: 15    God:
Gold:   0          SH:  0    Dex: 11    Spells: 3/4 levels left

rFire    . . .     SeeInvis +   (no weapon)
rCold    . . .     Faith    .   (no shield)
rNeg     . . .     Spirit   .   a - +0 robe
rPois    +         Reflect  .   (no helmet)
rElec    .         Harm     .   (no cloak)
rCorr    .         Rampage  .   (no gloves)
Will     .....                  (no barding)
Stlth    ++........             (no amulet)
HPRegen  0.05/turn              (no ring)
MPRegen  0.08/turn              (no ring)

@: very slow
A: AC +0, large, see invisible, deformed body, poison resistance, slowness 2,
spit poison 1, naga tail 1
a: Spit Poison


You were on level 1 of the Dungeon.
You visited 1 branch of the dungeon, and saw 1 of its levels.

Inventory:

Armour
 a - a +0 robe (worn)


   Skills:
 - Level 1.5 Dodging
 + Level 3.2 Stealth
 - Level 2.0 Spellcasting
 - Level 1.0 Transmutations
 * Level 4.3 Poison Magic


You had 3 spell levels left.
You knew the following spells:

 Your Spells              Type           Power      Damage    Failure   Level
a - Sting                 Tmut/Pois      36%        1d4       8%          1

Your spell library contained the following spells:

 Spells                   Type           Power      Damage    Failure   Level
 Poisonous Vapours        Pois/Air       16%        N/A       14%         2
 Mephitic Cloud           Conj/Pois/Air  5%         N/A       36%         3
 Olgreb's Toxic Radiance  Pois           14%        N/A       36%         4


Dungeon Overview and Level Annotations

Branches:
Dungeon (1/15)

Altars:


Innate Abilities, Weirdness & Mutations

Your serpentine skin is tough. (AC +0)
You have supernaturally acute eyesight. (SInv)
Armour fits poorly on your strangely shaped body.
Your system is resistant to poisons. (rPois)
You cover ground very slowly.
You can spit poison.
You have a snake-like lower body.


Message History

You start resting.
Magic restored.
You start resting.
HP restored.
You enter the shallow water.
Moving in this stuff is going to be slow.
You see here a jackal corpse.
Found a stone staircase leading down.
You start resting.
HP restored.
A quokka comes into view.
A quokka comes into view.
A quokka is nearby!
A quokka is nearby!
Casting: Sting (safe; 8% risk of failure)
Confirm with . or Enter, or press ? or * to list all spells.
Aiming: Sting (safe; 8% risk of failure)
Press: ? - help, Shift-Dir - straight line, f - quokka
Aim: a quokka (56% to hit)
The sting misses the quokka.
Casting: Sting (safe; 8% risk of failure)
Confirm with . or Enter, or press ? or * to list all spells.
Aiming: Sting (safe; 8% risk of failure)
Press: ? - help, Shift-Dir - straight line, f/p - quokka
Aim: a quokka (56% to hit)
The sting misses the quokka.
The quokka closely misses you.
Casting: Sting (safe; 8% risk of failure)
Confirm with . or Enter, or press ? or * to list all spells.
Aiming: Sting (safe; 8% risk of failure)
Press: ? - help, Shift-Dir - straight line, f/p - quokka
Aim: a quokka (56% to hit)
The sting hits the quokka.
The quokka is poisoned.
The quokka is lightly wounded.
The quokka barely misses you. The quokka bites you.
The quokka looks more healthy.
The quokka bites you. The quokka bites you.
* * * LOW HITPOINT WARNING * * *
The quokka bites you.
You die...

....+...............
....########.###.###
....# #.###.####... h..
#............
#####.####...
..###########.# .
.............# ..
####....#############..
.. ..#......@r...........
#.##.#....##############.
#....#....# #....#....#
#........## .......#####
....... ....... .......


You could see a quokka.

Vanquished Creatures
  A hobgoblin (D:1)
  2 jackals (D:1)
  A rat (D:1)
4 creatures vanquished.

Notes
Turn   | Place    | Note
-------+----------+-------------------------------------------
     0 | D:1      | grimtooth the Naga Venom Mage began the quest for the Orb.
     0 | D:1      | Reached XP level 1. HP: 15/15 MP: 3/3
   297 | D:1      | Slain by a quokka

Illustrated notes

Levels and vault maps discovered:
D:1:      eino_arrival_cavern_b, layout_basic

Action                   || total
-------------------------++-------
 Cast: Sting             ||    11
Dodge: Dodged            ||    11
